 Dungeon Crawl Stone Soup version 0.17.1-2-g5865329 (webtiles) character file.

32 PossumBlood the Magician (level 3, 0/19 HPs)
             Began as a Deep Elf Wizard on Jan 22, 2016.
             Slain by a goblin
             ... wielding a cursed +0 dagger
             ... led by Robin
              (4 damage)
             ... on level 1 of the Dungeon.
             The game lasted 00:03:24 (1062 turns).

PossumBlood the Magician (Deep Elf Wizard)          Turns: 1062, Time: 00:03:24

Health: 0/19       AC:  2    Str:  4    XL:     3   Next: 8%
Magic:  0/11       EV: 12    Int: 23    God:
Gold:   87         SH:  0    Dex: 13    Spells: 4 memorised, 5 levels left

rFire  . . .     SeeInvis .     h - +0 dagger
rCold  + . .     Clarity  .     a - +0 robe
rNeg   . . .     SustAt   .     (no shield)
rPois  .         Gourm    .     b - +0 hat
rElec  .         Spirit   .     (no cloak)
rCorr  .         Warding  .     (no gloves)
rMut   .         Stasis   .     (no boots)
MR     .....                    (no amulet)
Stlth  ++........               (no ring)
                                m - ring of protection from cold

@: repel missiles, not resistant to hostile enchantments, unstealthy
A: no striking features
a: no special abilities


You were on level 1 of the Dungeon.
You were not hungry.

You visited 1 branch of the dungeon, and saw 2 of its levels.

You collected 87 gold pieces.

Inventory:

Hand Weapons
 h - a +0 dagger (weapon)
Armour
 a - a +0 robe (worn)
 b - a +0 hat (worn)
Jewellery
 m - a ring of protection from cold (left hand)
Scrolls
 e - 2 scrolls of identify {unknown}
 f - a scroll of remove curse {unknown}
 i - a scroll of recharging {unknown}
 n - a scroll of fear {unknown}
Potions
 g - a potion of curing {unknown}
 j - a potion of haste {unknown}
 k - a potion of resistance {unknown}
 o - a potion of agility {unknown}
Books
 c - a book of Minor Magic

   Spells                             Type                      Level
   a - Magic Dart                     Conjuration                  1
   b - Blink                          Translocation                2
   c - Call Imp                       Summoning                    2
   d - Repel Missiles                 Charms/Air                   2
   e - Slow                           Hexes                        2
   f - Conjure Flame                  Conjuration/Fire             3
   g - Mephitic Cloud                 Conjuration/Poison/Air       3
Comestibles
 d - a bread ration
 l - 2 meat rations


   Skills:
 - Level 2.4 Dodging
 - Level 2.4 Stealth
 + Level 5.2 Spellcasting
 + Level 2.4 Conjurations
   Level 1.1 Summonings
 - Level 1.1 Translocations


You had 5 spell levels left.
You knew the following spells:

 Your Spells              Type           Power        Failure   Level  Hunger
a - Magic Dart            Conj           ###.         3%          1    None
b - Blink                 Tloc           N/A          12%         2    None
c - Repel Missiles        Chrm/Air       #.....       17%         2    None
d - Slow                  Hex            #.......     17%         2    None


Dungeon Overview and Level Annotations

Branches:
Dungeon (2/15)

Altars:

Annotations:
D:2 Robin


Message History

Press: ? - help, Shift-Dir - straight line, f - goblin
Aim: a goblin, wielding a dagger (consumed by blood-lust)
The magic dart hits the goblin.
You kill the goblin!
The goblin hits you with a dagger. The goblin hits you with a club!
* * * LOW HITPOINT WARNING * * *
Casting: Magic Dart
Confirm with . or Enter, or press ? or * to list all spells.
Aiming: Magic Dart
Press: ? - help, Shift-Dir - straight line, f - goblin
Aim: a goblin, wielding a club (consumed by blood-lust)
The magic dart hits the goblin.
The goblin is lightly wounded.
The goblin closely misses you.
You barely miss the goblin.
The goblin is lightly wounded.
The goblin hits you with a club.
* * * LOW HITPOINT WARNING * * *
The goblin hits you with a dagger.
You die...

#.# #.#.# #..####
#.####.#.###..##..
#.#...........##.#
#...##.#.##......#
###.#.##.#.##.....##
#...#....#.......##
#.#####.#######.##
#.)g#...# #.#
###@#.### #.# #.g.#
##)## ##.## ##...##
#.## ##.....## #..##
##.......#
##...####.........
#.......+.........
###...####.........
#....## ##.......#


You could see 2 goblins.

Vanquished Creatures
  2 giant geckos (D:1)
  3 bats
  6 hobgoblins
  A giant newt (D:1)
  5 goblins
  6 kobolds
  7 rats
30 creatures vanquished.

Notes
Turn   | Place    | Note
--------------------------------------------------------------
     0 | D:1      | PossumBlood the Deep Elf Wizard began the quest for the Orb.
     0 | D:1      | Reached XP level 1. HP: 10/10 MP: 7/7
   263 | D:1      | Reached XP level 2. HP: 15/15 MP: 4/9
   269 | D:1      | Learned a level 2 spell: Blink
   272 | D:1      | Learned a level 2 spell: Repel Missiles
   275 | D:1      | Learned a level 2 spell: Slow
   598 | D:1      | Reached skill level 5 in Spellcasting
  1007 | D:2      | Reached XP level 3. HP: 19/19 MP: 5/11
  1047 | D:2      | Noticed Robin
  1062 | D:1      | Slain by a goblin

Action                   || total
-------------------------++-------
Melee: Dagger            ||     1
 Cast: Magic Dart        ||    63
       Repel Missiles    ||     1
